 Dungeon Crawl Stone Soup version 0.30-a0-122-g2a1322497e (webtiles) character file.

Game seed: 2037426395983894140

0 Dreamer the Vexing (level 1, -1/10 HPs)
             Began as a Vampire Enchanter on Sept 16, 2022.
             Slain by a kobold
             ... wielding a +0 whip
              (4 damage)
             ... on level 1 of the Dungeon.
             The game lasted 00:00:48 (89 turns).

Dreamer the Vexing (Vampire Enchanter)                Turns: 89, Time: 00:00:48

Health: -1/10      AC:  2    Str:  7    XL:     1   Next: 8%
Magic:  3/3        EV: 12    Int: 17    God:
Gold:   7          SH:  0    Dex: 14    Spells: 4/4 levels left

rFire   . . .      SeeInvis +    a - +1 dagger
rCold   + + .      Faith    .    (no shield)
rNeg    + + +      Spirit   .    b - +0 robe
rPois   ∞          Reflect  .    (no helmet)
rElec   .          Harm     .    (no cloak)
rCorr   .          Rampage  .    (no gloves)
Will    .....                    (no boots)
Stlth   +++++.....               (no amulet)
HPRegen 0.00/turn                (no ring)
MPRegen 0.08/turn                (no ring)

@: bloodless, inhibited regen
A: bloodless, fangs 3, see invisible, vampiric 1
a: Revivify


You were on level 1 of the Dungeon.
You visited 1 branch of the dungeon, and saw 1 of its levels.

You collected 7 gold pieces.

Inventory:

Hand Weapons
 a - a +1 dagger (weapon)
Armour
 b - a +0 robe (worn)
Potions
 c - 2 potions of invisibility
 d - a potion of attraction {unknown}


   Skills:
 + Level 1.1 Short Blades
 + Level 2.2 Dodging
 * Level 4.4 Stealth
 * Level 2.0 Spellcasting
 + Level 4.4 Hexes


You had 4 spell levels left.
You didn't know any spells.
Your spell library contained the following spells:

 Spells                   Type           Power      Damage    Failure   Level
 Confusing Touch          Hex            16%        N/A       10%         3
 Tukima's Dance           Hex            16%        N/A       10%         3
 Ensorcelled Hibernation  Hex/Ice        18%        N/A       12%         2
 Dazzling Flash           Conj/Hex       18%        N/A       24%         3


Dungeon Overview and Level Annotations

Branches:
Dungeon (1/15)

Altars:


Innate Abilities, Weirdness & Mutations

You do not regenerate when monsters are visible.
You are frail without blood (-20% HP).
You can heal yourself when you bite living creatures.
You are immune to poison.
You have razor-sharp teeth.
You have supernaturally acute eyesight. (SInv)
You are afflicted with vampirism.


Message History

Welcome, Dreamer the Vampire Enchanter.
You feel drawn to the Orb of Zot, downwards into the unfathomable depths...
Press ? for a list of commands and other information.
Found two stairs.
Okay, then.
You begin bloodletting.
You continue bloodletting. x5
HP restored.
You become bloodless.
Found a robe.
You see here a +0 robe.
A frilled lizard comes into view.
Found a mace and 7 gold pieces.
The helpless frilled lizard fails to defend itself.
You bite the frilled lizard, and draw its blood!
You impale the frilled lizard!!
You kill the frilled lizard!
You now have 7 gold pieces.
d - a sedimented sapphire potion A kobold comes into view.
It is wielding a +0 whip.
The kobold hits you with a +0 whip.
You barely miss the kobold. You barely miss the kobold.
The kobold hits you with a +0 whip.
You hit the kobold. Your bite misses the kobold.
The kobold is severely wounded.
The kobold hits you with a +0 whip.
You barely miss the kobold.
The kobold is severely wounded.
The kobold hits you with a +0 whip.
* * * LOW HITPOINT WARNING * * *
You closely miss the kobold.
The kobold is severely wounded.
The kobold misses you.
You barely miss the kobold.
The kobold is severely wounded.
The kobold closely misses you.
You barely miss the kobold.
The kobold is severely wounded.
The kobold hits you with a +0 whip.
You die...

#.# #.# #.#. #.#
#.# #... #.###
#.#####. #...#
#....... ####.#
######## #....#
#.####
#.################
#.........@K......
##################


You could see a kobold.

Vanquished Creatures
  A frilled lizard (D:1)
1 creature vanquished.

Notes
Turn   | Place    | Note
-------+----------+-------------------------------------------
     0 | D:1      | Dreamer the Vampire Enchanter began the quest for the Orb.
     0 | D:1      | Reached XP level 1. HP: 13/13 MP: 3/3
    89 | D:1      | Slain by a kobold

Illustrated notes

Levels and vault maps discovered:
D:1:      dpeg_arrival_fog, layout_basic, nicolae_ecumenical_snake_handling

Action                   || total
-------------------------++-------
Melee: Dagger            ||     8
 Abil: Exsanguinate      ||     1
 Stab: Sleeping          ||     1
Dodge: Dodged            ||     2

Table legend: (Time is in decaauts)
 A = Elapsed time spent in this place.
 B = Non-inter-level travel time spent in this place.
 C = Inter-level travel time spent in this place.
 D = Time resting spent in this place.
 E = Time spent auto-exploring this place.
 F = Levels seen in this place.
 G = Mean time per level.
                   A        B        C        D        E       F      G
               +--------+--------+--------+--------+--------+-----+--------+
         Total |     88 |     88 |      0 |      0 |     62 |   1 |   88.0 |
       Dungeon |     88 |     88 |      0 |      0 |     62 |   1 |   88.0 |
               +--------+--------+--------+--------+--------+-----+--------+

Top non-repeatable levels by time:
     D:1: 88 daAuts
